 Dungeon Crawl Stone Soup version 0.32-a0-918-g0f22ef8d61 (webtiles) character file.

Game seed: 15685430739723644129

30499 Doorstop00 the Severer (level 13, -2/119 HPs)
             Began as a Minotaur Berserker on Apr 10, 2024.
             Was a High Priest of Trog.
             Slain by a redback (6 damage)
             ... on level 1 of the Spider Nest.
             The game lasted 00:49:22 (16078 turns).

Doorstop00 the Severer (Minotaur Berserker)        Turns: 16078, Time: 00:49:24

Health: -2/119     AC:  6    Str: 31    XL:     13   Next: 20%
Magic:  12/12      EV: 10    Int:  6    God:    Trog [*****.]
Gold:   883        SH:  6    Dex: 10    Spells: 12/12 levels left

rFire   . . .        H - +3 war axe (elec)
rCold   . . .        z - +1 buckler {AC+3}
rNeg    . . .        g - +0 plate armour
rPois   +            (helmet restricted)
rElec   .            K - +1 cloak
rCorr   .            q - +0 pair of gloves
SInv    .            y - +2 pair of boots
Will    .....        (no amulet) Stlth
                     v - ring of poison resistance
HPRegen 0.39/turn    s - +6 ring of strength
MPRegen 0.13/turn

%: no passive effects
@: lethally poisoned (-2 -> -4), corroded
A: horns 2, retaliatory headbutt
a: Renounce Religion, Berserk, Trog's Hand, Brothers in Arms


You were on level 1 of the Spider Nest.
You worshipped Trog.
Trog was extremely pleased with you.
You visited 3 branches of the dungeon, and saw 15 of its levels.
You also visited: Sewer.

You collected 883 gold pieces.

Inventory:

Hand Weapons
 H - a +3 war axe of electrocution (weapon)
 N - a +0 morningstar of protection
Armour
 g - a +0 plate armour (worn)
 q - a +0 pair of gloves (worn)
 y - a +2 pair of boots (worn)
 z - a +1 buckler of protection (worn)
 K - a +1 cloak (worn)
Jewellery
 s - a +6 ring of strength (right hand)
 v - a ring of poison resistance (left hand)
 M - a ring of flight
Wands
 d - a wand of acid (5)
 t - a wand of polymorph (8)
 F - a wand of paralysis (9)
 I - a wand of flame (57)
 L - a wand of mindburst (4)
Scrolls
 c - a scroll of summoning
 k - a scroll of amnesia {unknown}
 l - 3 scrolls of immolation
 o - 4 scrolls of revelation
 p - 4 scrolls of enchant armour
 r - a scroll of teleportation
 u - 4 scrolls of vulnerability
 w - a scroll of poison
 B - a scroll of fear
 C - a scroll of blinking
 G - a scroll of enchant weapon
Potions
 a - 10 potions of heal wounds
 b - 3 potions of enlightenment
 e - 5 potions of invisibility
 f - 3 potions of haste
 h - 4 potions of brilliance
 i - a potion of mutation
 j - 4 potions of cancellation
 m - a potion of experience {unknown}
 n - a potion of lignification {unknown}
 A - a potion of berserk rage {unknown}
 D - 4 potions of might
 J - a potion of curing {unknown}


   Skills:
 * Level 12.4 Fighting
 * Level 16.6 Axes
 + Level 1.8(11.0) Maces & Flails
 * Level 12.9 Armour
 * Level 9.5 Dodging
 + Level 1.3 Stealth
 * Level 7.5 Shields


You had 12 spell levels left.
You didn't know any spells.
Your spell library was empty.

Dungeon Overview and Level Annotations

Branches:
Dungeon (10/15)            Temple (0/1) D:7            Lair (4/5) D:9
 Shoals (0/4) Lair:3       Spider (1/4) Lair:3        Slime (0/5) Lair:4
  Sewer (visited)
    Orc: D:9-12

Altars:
Makhleb
Okawaru
Jiyva

Shops:
D:10 [

Annotations:
D:7 2 transporters, jestert79's ghost, novice MiSh
Lair:4 exclusion: 3 oklob plants


Innate Abilities, Weirdness & Mutations

You have a pair of horns on your head.
You reflexively headbutt those who attack you in melee.


Message History

The entropy weaver barely misses you. The entropy weaver hits you!
* * * LOW HITPOINT WARNING * * *
The culicivora bites you but does no damage.
You slash the entropy weaver!
The entropy weaver is moderately wounded.
You slash the culicivora!
Lightning courses through the culicivora!
You feel sick. The entropy weaver barely misses you.
The entropy weaver hits you but does no damage.
The entropy weaver hits you.
* * * LOW HITPOINT WARNING * * *
The entropy weaver misses you. You block the culicivora's attack.
A jumping spider comes into view.
You feel very sick.
The entropy weaver attacks as it pursues you!
You block the entropy weaver's attack. The entropy weaver hits you.
* * * LOW HITPOINT WARNING * * *
The entropy weaver barely misses you.
The entropy weaver hits you but does no damage.
You feel sick.
You feel sick.
The entropy weaver points at you and mumbles some strange words.
The entropic weave corrodes you!
The jumping spider leaps!
You feel sick. The redback bites you.
* * * LOW HITPOINT WARNING * * *
The entropy weaver points at you and mumbles some strange words.
The entropic weave corrodes you! The redback bites you.
* * * LOW HITPOINT WARNING * * *
You block the culicivora's attack.
You feel sick. The redback attacks as it pursues you!
You block the redback's attack.
A redback comes into view.
There is a crawl-hole back to the Lair here.
You feel sick.
The redback bites you but does no damage.
The culicivora bites you but does no damage.
The jumping spider leaps!
The entropy weaver gestures at you while chanting.
The entropic weave corrodes you! The redback bites you.
You die...

...... #.....
###...^#
##.#....## #
##........#.##
#.......^....##
#.s...###....#.
#..@s○.........
##.Bs..........
##....##......
#.........###
##.....[.....
##s#..#..... #
###..>^..###
#.##..#s......#
...........#..#


You could see an entropy weaver, 2 culicivoras, a jumping spider and 2 redbacks.

Vanquished Creatures
  2 hydras
  A two-headed ogre (D:10)
  A demonic crawler (Spider:1)
  A skyshark (Lair:3)
  Pikel (D:7)
  A wolf spider (Spider:1)
  Joseph (Lair:1)
  3 black mambas
  5 elephants (Lair:3)
  A gargoyle (D:10)
  An unseen horror (D:10)
  12 cane toads
  A rime drake (Lair:1)
  Jeremiah (D:8)
  4 komodo dragons
  A troll (D:8)
  Grinder (D:6)
  A tarantella (Spider:1)
  2 polar bears
  3 hornets
  A snapping turtle (Lair:3)
  14 blink frogs
  A water elemental (Lair:3)
  4 basilisks
  33 yaks
  A vampire (D:10)
  5 wyverns
  Grum (D:8)
  A redback (Spider:1)
  2 steam dragons
  Menkaure (D:7)
  An acid dragon (D:7)
  Duvessa (D:4)
  13 water moccasins
  A sky beast (D:6)
  2 ice beasts
  5 black bears
  An orc warrior (D:10)
  2 ogres (D:7)
  13 wolves
  A centaur (D:9)
  3 kobold brigands
  4 lemures
  16 bullfrogs
  A gnoll sergeant (D:8)
  2 scorpions (D:6)
  6 wights
  Dowan (D:4)
  3 howler monkeys (D:9)
  2 electric eels (Lair:3)
  4 bombardier beetles
  3 hounds
  Crazy Yiuf (D:4)
  11 orc priests
  5 jellies
  2 iguanas
  12 orc wizards
  4 gnolls
  5 adders
  A river rat (Sewer)
  2 shadow imps
  3 white imps
  6 ufetubi
  5 dart slugs
  4 ribbon worms
  26 orcs
  3 bats
  11 endoplasms
  7 giant cockroaches
  8 goblins
  11 hobgoblins
  19 kobolds
  5 quokkas
  11 ball pythons
  6 frilled lizards
  16 rats
377 creatures vanquished.

Vanquished Creatures (others)
  An adder (D:5)
1 creature vanquished.

Grand Total: 378 creatures vanquished

Notes
Turn   | Place    | Note
-------+----------+-------------------------------------------
     0 | D:1      | Doorstop00 the Minotaur Berserker began the quest for the
                  | Orb.
     0 | D:1      | Reached XP level 1. HP: 19/19 MP: 0/0
   326 | D:1      | Reached skill level 4 in Axes
   326 | D:1      | Reached XP level 2. HP: 21/27 MP: 1/1
   430 | D:1      | Identified a scroll of acquirement
   430 | D:1      | Acquired the +7 battleaxe of the Two Names {spect, rC+
                  | Will- rCorr MP+9}
   967 | D:2      | Reached XP level 3. HP: 34/34 MP: 2/2
  1205 | D:2      | Found a burning altar of Makhleb.
  1492 | D:2      | Reached ** piety under Trog
  1713 | D:3      | Reached XP level 4. HP: 40/41 MP: 3/3
  1769 | D:3      | Found a glowing drain.
  1777 | Sewer    | Entered a sewer
  1848 | Sewer    | Reached skill level 5 in Axes
  1894 | Sewer    | Reached XP level 5. HP: 46/47 MP: 4/4
  1895 | Sewer    | Found a viscous altar of Jiyva.
  1902 | Sewer    | Reached *** piety under Trog
  2122 | D:3      | Reached skill level 1 in Stealth
  2227 | D:3      | Reached skill level 6 in Axes
  2585 | D:4      | Found a runed translucent door.
  2586 | D:4      | Noticed Crazy Yiuf
  2592 | D:4      | Killed Crazy Yiuf
  2593 | D:4      | Reached skill level 5 in Fighting
  2593 | D:4      | Reached XP level 6. HP: 56/56 MP: 5/5
  2693 | D:4      | Noticed Duvessa
  2693 | D:4      | Noticed Dowan
  2698 | D:4      | Killed Dowan
  2703 | D:4      | Killed Duvessa
  2704 | D:4      | Reached skill level 7 in Axes
  3390 | D:5      | Entered Level 5 of the Dungeon
  3390 | D:5      | Noticed an ice beast
  3401 | D:4      | Reached XP level 7. HP: 42/62 MP: 6/6
  3472 | D:5      | Reached skill level 8 in Axes
  3663 | D:5      | Found an iron altar of Okawaru.
  3834 | D:5      | Reached **** piety under Trog
  4409 | D:6      | Noticed Grinder
  4420 | D:6      | Killed Grinder
  4421 | D:6      | Reached skill level 1 in Shields
  4421 | D:6      | Reached XP level 8. HP: 70/70 MP: 7/7
  4455 | D:6      | Reached skill level 9 in Axes
  4775 | D:6      | Reached skill level 5 in Armour
  4902 | D:6      | Reached skill level 10 in Axes
  5074 | D:6      | Reached skill level 5 in Dodging
  5079 | D:6      | Reached XP level 9. HP: 62/78 MP: 8/8
  5222 | D:7      | Noticed Menkaure
  5224 | D:7      | Killed Menkaure
  5306 | D:7      | Found a staircase to the Ecumenical Temple.
  5559 | D:7      | Noticed jestert79's ghost (novice MiSh)
  5631 | D:7      | Noticed a queen bee
  5666 | D:7      | Found a transporter.
  5671 | D:7      | Found a transporter.
  5722 | D:7      | Reached skill level 11 in Axes
  5959 | D:7      | Found the +5 robe of Misfortune {Harm *Corrode *Slow EV+5}
  6527 | D:8      | Noticed Grum
  6533 | D:8      | Reached ***** piety under Trog
  6538 | D:8      | Killed Grum
  7100 | D:8      | Identified the +1 robe "Posoq" {rElec Will++ Str+3}
  7108 | D:8      | Noticed Pikel
  7108 | D:8      | Noticed Jeremiah
  7161 | D:7      | Killed Pikel
  7162 | D:7      | Reached skill level 12 in Axes
  7184 | D:8      | Killed Jeremiah
  7185 | D:8      | Reached XP level 10. HP: 79/90 MP: 9/9
  8252 | D:9      | Found a staircase to the Lair.
  8403 | D:9      | Identified the +7 dagger of Broken Luck {flame, Str+4}
  9126 | D:10     | Entered Level 10 of the Dungeon
  9206 | D:10     | Noticed a two-headed ogre
  9210 | D:10     | Killed a two-headed ogre
  9211 | D:10     | Reached skill level 13 in Axes
  9277 | D:10     | Noticed a gargoyle
  9290 | D:10     | Killed a gargoyle
  9829 | D:10     | Reached XP level 11. HP: 98/99 MP: 10/10
  9839 | D:10     | Found Buolu's Armour Boutique.
 10356 | Lair:1   | Entered Level 1 of the Lair of Beasts
 10356 | Lair:1   | Noticed Joseph
 10365 | Lair:1   | Killed Joseph
 10572 | Lair:1   | Reached skill level 10 in Fighting
 10645 | Lair:1   | Reached skill level 5 in Shields
 10712 | Lair:1   | Reached skill level 10 in Armour
 10725 | Lair:1   | Reached skill level 14 in Axes
 12417 | Lair:2   | Reached skill level 15 in Axes
 12441 | Lair:2   | Reached XP level 12. HP: 84/108 MP: 11/11
 12629 | Lair:2   | Noticed a six-headed hydra
 12641 | Lair:2   | Killed a six-headed hydra
 13070 | Lair:2   | Received a gift from Trog
 13155 | Lair:2   | Reached skill level 1 in Maces & Flails
 13809 | Lair:3   | Reached skill level 16 in Axes
 14058 | Lair:3   | Found a staircase to the Shoals.
 14436 | Lair:3   | Noticed a seven-headed hydra
 14443 | Lair:3   | Killed a seven-headed hydra
 14591 | Lair:3   | Acquired a +6 ring of strength
 14596 | Lair:3   | Found a hole to the Spider Nest.
 15147 | Lair:4   | Reached XP level 13. HP: 116/118 MP: 12/12
 15179 | Lair:4   | Found a viscous altar of Jiyva.
 15336 | Lair:4   | Identified the +6 shortbow "Amaofuro" {drain, rCorr Dex+3}
 15618 | Lair:4   | Found a staircase to the Slime Pits.
 15994 | Spider:1 | Entered Level 1 of the Spider Nest
 16077 | Spider:1 | HP: 5/119 [poisoned by a redback]
 16078 | Spider:1 | Slain by a redback

Illustrated notes

Levels and vault maps discovered:
D:1:      dpeg_arrival_tiny_j, layout_basic, serial_forest,
          infiniplex_forest_clump_diagonal, infiniplex_forest_lined_1,
          infiniplex_forest_side_room, infiniplex_forest_lined_2,
          infiniplex_forest_straight_3, infiniplex_forest_clump_curved,
          infiniplex_forest_lined_2, hangedman_decor_diamond_cutter
D:2:      layout_loops_ring, basic_altar
D:3:      layout_rooms, portal_sewer_entry_e, minmay_misc_feat_five
D:4:      layout_loops_corners, uniq_crazy_yiuf_cottage, uniq_duvessa
D:5:      layout_basic, mainiacjoe_overflow_surrounded_room,
          lemuel_flamethrower_2
D:6:      layout_basic, uniq_grinder
D:7:      layout_basic, minmay_temple_entry_antechambers, gammafunk_ghost_hive,
          minivault_22, minmay_liquid_box, uniq_menkaure
D:8:      layout_layer_cave, uniq_grum, uniq_jeremiah, uniq_pikel
D:9:      layout_loops_ring, david_lair_generic, chequers_garden
D:10:     layout_small_grid, enter_bailey_3, serial_shops,
          nicolae_shop_pleasant_corner_grove, minmay_misc_feat_hallway
Lair:1:   layout_small_grid, grunt_megastairs_1, uniq_joseph
Lair:2:   layout_roguey, chequers_serial_rivers_micro_b, grunt_megastairs_5,
          lemuel_fruit_tree, lemuel_fruit_fields
Lair:3:   layout_small_grid, minmay_shoals_entry_hut,
          spider_nest_entry_web_field, grunt_megastairs_2
Lair:4:   layout_hall_layers, minmay_slime_entry_oklob_enclosed,
          nicolae_lair_lil_pond
Spider:1: nicolae_spider_broodchamber

Skill      XL: |  1  2  3  4  5  6  7  8  9 10 11 12 |
---------------+-------------------------------------+-----
Axes           | 4 5 6 7 8 10 12 13 15 16 | 16.6
Fighting       | 4 5 6 8 9 10 12 | 12.4
Armour         | 3 4 5 6 9 10 12 | 12.9
Dodging        | 3 4 5 6 7 8 9 |  9.5
Stealth        | 1 |  1.3
Shields        | 1 2 3 4 5 7 |  7.5
Maces & Flails | 1 |  1.8

Action                     |  1- 3 |  4- 6 |  7- 9 | 10-12 | 13-15 || total
---------------------------+-------+-------+-------+-------+-------++-------
  Melee: Hand axe          |    33 |       |       |       |       ||    33
         Headbutt          |    13 |     6 |    15 |   110 |    15 ||   159
         Battleaxe         |    44 |    68 |   132 |       |       ||   244
         War axe           |       |       |    26 |   509 |    53 ||   588
         Morningstar       |       |       |       |    16 |       ||    16
 Invoke: Berserk           |       |     1 |       |       |       ||     1
    Use: Scroll            |     5 |     1 |     2 |     9 |     4 ||    21
         Potion            |       |       |     3 |       |       ||     3
   Stab: Sleeping          |     2 |       |       |       |       ||     2
 Armour: Animal skin       |    43 |       |       |       |       ||    43
         Chain mail        |     2 |    46 |   133 |    88 |       ||   269
         Scale mail        |       |       |       |    95 |       ||    95
         Plate armour      |       |       |       |   301 |    66 ||   367
  Dodge: Dodged            |    36 |    29 |    66 |   157 |    25 ||   313
  Block: Buckler           |       |       |     6 |   137 |    13 ||   156

Table legend: (Time is in decaauts)
 A = Elapsed time spent in this place.
 B = Non-inter-level travel time spent in this place.
 C = Inter-level travel time spent in this place.
 D = Time resting spent in this place.
 E = Time spent auto-exploring this place.
 F = Levels seen in this place.
 G = Mean time per level.
                   A        B        C        D        E       F      G
               +--------+--------+--------+--------+--------+-----+--------+
         Total |  16147 |  15264 |    883 |   2797 |   9147 |  16 | 1009.2 |
       Dungeon |  10823 |  10157 |    666 |   1681 |   6352 |  10 | 1082.3 |
          Lair |   4953 |   4737 |    216 |   1081 |   2795 |   4 | 1238.2 |
   Spider Nest |     78 |     78 |      0 |     35 |      0 |   1 |   78.0 |
         Sewer |    291 |    291 |      0 |      0 |      0 |   1 |  291.0 |
               +--------+--------+--------+--------+--------+-----+--------+

Top non-repeatable levels by time:
     D:8: 1866 daAuts
  Lair:3: 1548 daAuts
    D:10: 1445 daAuts
     D:4: 1318 daAuts
  Lair:2: 1281 daAuts
  Lair:1: 1218 daAuts
     D:7: 1136 daAuts
     D:9: 1054 daAuts
     D:6: 1043 daAuts
     D:1: 969 daAuts
  Lair:4: 905 daAuts
     D:5: 797 daAuts
     D:2: 633 daAuts
     D:3: 558 daAuts
   Sewer: 291 daAuts
